 Dungeon Crawl Stone Soup version 0.30-b1-2-g02819fbbbe (webtiles) character file.

Game seed: 6142804619642133649

1090 Alarkh the Ruffian (level 8, -6/51 (63) HPs)
             Began as a Demonspawn Chaos Knight on May 20, 2023.
             Was a Plaything of Xom.
             Mangled by a wight
             ... wielding a +3 great sword
              (13 damage)
             ... on level 6 of the Dungeon.
             The game lasted 00:08:11 (3876 turns).

Alarkh the Ruffian (Demonspawn Chaos Knight)        Turns: 3876, Time: 00:08:12

HP:   -6/51 (63)    AC:  5    Str: 11    XL:     8   Next: 9%
MP:   8/8           EV: 10    Int: 16    God:    Xom [...*..]
Gold: 132           SH:  4    Dex: 10    Spells: 7/7 levels left

rFire   . . .        l - +8 trident of the Octopus King {venom, rElec rPois}
rCold   . . .        j - +0 buckler
rNeg    + . .        a - +2 leather armour
rPois   +            (no helmet)
rElec   +            o - scarf {shadows}
rCorr   .            (no gloves)
SInv    .            (no boots)
Will    .....        (no amulet)
Stlth   +            h - ring of positive energy
HPRegen 0.28/turn    q - ring of poison resistance
MPRegen 0.22/turn

%: no passive effects
@: heavily drained
A: powered by death 2, magic regeneration, weakness stinger 1, clumsy 1, weak 1
a: Renounce Religion


You were on level 6 of the Dungeon.
You worshipped Xom.
You were a favourite toy of Xom.
You visited 2 branches of the dungeon, and saw 7 of its levels.

You collected 258 gold pieces.
You spent 126 gold pieces at shops.

Inventory:

Hand Weapons
 l - the +8 trident of the Octopus King (weapon) {venom, rElec rPois}
   (You found it on level 2 of the Dungeon)

   rElec:     It insulates you from electricity.
   rPois:     It protects you from poison.
Armour
 a - a +2 leather armour (worn)
 j - a +0 buckler (worn)
 o - a scarf of shadows (worn)
 A - a +0 cloak
Jewellery
 g - a ring of ice
 h - a ring of positive energy (left hand)
 q - a ring of poison resistance (right hand)
Wands
 y - a wand of charming (9)
Scrolls
 c - 3 scrolls of teleportation
 d - a scroll of magic mapping
 e - a scroll of torment {unknown}
 k - a scroll of noise {unknown}
 n - a scroll of enchant weapon {unknown}
 p - a scroll of fog {unknown}
 r - 2 scrolls of identify
 w - a scroll of fear {unknown}
 x - a scroll of amnesia
 z - a scroll of vulnerability {unknown}
Potions
 f - 2 potions of berserk rage
 i - 2 potions of haste
 m - a potion of brilliance
 s - a potion of curing
 u - a potion of mutation
 v - a potion of degeneration
Miscellaneous
 b - a piece from Xom's chessboard (15/15) (quivered)


   Skills:
 + Level 5.6 Fighting
 - Level 1.7 Armour
 - Level 0.8 Dodging
 + Level 3.8 Shields
 * Level 6.9 Unarmed Combat


You had 7 spell levels left.
You didn't know any spells.
Your spell library contained the following spells:

 Spells                   Type           Power      Damage    Failure   Level
 Foxfire                  Conj/Fire      0%         2x1d4     43%         1
 Magic Dart               Conj           0%         1d3       43%         1
 Summon Small Mammal      Summ           0%         N/A       43%         1
 Searing Ray              Conj           0%         2d4       56%         2
 Call Canine Familiar     Summ           0%         N/A       80%         3
 Summon Guardian Golem    Hex/Summ       0%         N/A       80%         3
 Cause Fear               Hex            0%         N/A       99%         4
 Fulminant Prism          Conj/Hex       0%         3d5       99%         4
 Fireball                 Conj/Fire      0%         3d3       100%        5
 Plasma Beam              Fire/Air       0%         2x1d11    100%        6
 Starburst                Conj/Fire      0%         6d3       100%        6
 Dragon Form              Tmut           0%         N/A       100%        7
 Dragon's Call            Summ           0%         N/A       100%        9


Dungeon Overview and Level Annotations

Branches:
Dungeon (6/15)             Temple (1/1) D:4

Altars:
Ashenzari
Dithmenos
Kikubaaqudgha
Makhleb
Okawaru
Sif Muna
Xom

Shops:
D:4 *


Innate Abilities, Weirdness & Mutations

You regenerate health from kills.
You regenerate magic rapidly.
You have a small tail.
You are clumsy. (Dex -2)
You are weak. (Str -2)


Message History

You closely miss the wight. You tail-slap the wight.
The wight is lightly damaged.
The wight hits you but does no damage.
You puncture the wight!
The wight is severely damaged.
The wight hits you with a +3 great sword!
You partially resist.
You feel drained.
You hit the wight.
The wight is almost destroyed.
The wight hits you with a +3 great sword!
You partially resist.
You feel drained.
The wight hits you with a +3 great sword!!
* * * LOW HITPOINT WARNING * * *
You partially resist.
You feel drained.
* * * LOW HITPOINT WARNING * * *
You feel much better. The wight misses you.
You closely miss the wight.
Your tail-slap misses the wight.
The wight is almost destroyed.
The wight hits you with a +3 great sword!
* * * LOW HITPOINT WARNING * * *
You partially resist.
You feel drained.
* * * LOW HITPOINT WARNING * * *
You feel much better.
The wight hits you with a +3 great sword!
* * * LOW HITPOINT WARNING * * *
You partially resist.
You feel drained. The wight attacks as you move away!
The wight hits you with a +3 great sword!
* * * LOW HITPOINT WARNING * * *
You feel much better. The wight barely misses you.
You barely miss the wight.
The wight is severely damaged.
The wight hits you with a +3 great sword!!
* * * LOW HITPOINT WARNING * * *
You partially resist.
You feel drained.
* * * LOW HITPOINT WARNING * * *
You hit the wight but do no damage.
The wight is severely damaged.
The wight hits you with a +3 great sword!
You die...

#.#.#.####..........
######.#.#.#..#....†.....
..................>#.....
#####.#.#.#..#....#.###.
#.#.#....#..........
#.#.####.#.#......#.
##.#................. ..
#....####.#.#........
...####..#@# #.##.###...
#....####z# #........#.
#...[')...# ####.#####.
##...###### #.# ## ......
#.# ....## #_# ###. # #.#
# #.####.######
#....._......


You could see a wight.

Vanquished Creatures
  Grinder (D:5)
  A black bear (D:6)
  An ogre (D:5)
  2 bullfrogs (D:6)
  A scorpion (D:4)
  4 wights
  A howler monkey (D:5)
  A crimson imp (D:4)
  A hound (D:5)
  A gnoll bouda (D:5)
  An orc priest (D:5)
  Crazy Yiuf (D:5)
  2 iguanas (D:4)
  4 gnolls (D:5)
  2 adders
  A white imp (D:4)
  2 ufetubi (D:5)
  2 worms
  A dart slug (D:4)
  6 orcs
  6 ball pythons
  3 bats
  17 endoplasms
  A giant cockroach (D:4)
  4 goblins
  6 hobgoblins
  7 jackals
  3 quokkas
  4 frilled lizards
  6 kobolds
  3 rats
96 creatures vanquished.

Vanquished Creatures (others)
  A wight (D:5)
  14 plants (D:5)
15 creatures vanquished.

Grand Total: 111 creatures vanquished

Notes
Turn   | Place    | Note
-------+----------+-------------------------------------------
     0 | D:1      | Alarkh the Demonspawn Chaos Knight began the quest for the
                  | Orb.
     0 | D:1      | Reached XP level 1. HP: 18/18 MP: 1/1
    87 | D:1      | Reached skill level 3 in Unarmed Combat
   139 | D:1      | Gained mutation: You regenerate a little health from kills.
                  | [demonic ancestry]
   139 | D:1      | Reached XP level 2. HP: 14/24 MP: 2/2
   241 | D:1      | XOM: silly message
   297 | D:1      | XOM: stat loss: -1 Str (11/12)
   508 | D:1      | XOM: polymorph endoplasm -> kobold
   685 | D:2      | Reached XP level 3. HP: 29/29 MP: 3/3
   726 | D:2      | Found an ancient bone altar of Kikubaaqudgha.
   882 | D:2      | Found the +8 trident of the Octopus King {venom, rElec
                  | rPois}
  1214 | D:2      | XOM: god gift: halberd {god gift}
  1458 | D:3      | XOM: give mutations
  1458 | D:3      | Gained mutation: You are weak. (Str -2) [Xom's mischief]
  1458 | D:3      | Gained mutation: You are clumsy. (Dex -2) [Xom's mischief]
  1574 | D:3      | XOM: 4-stop teleportation journey
  1841 | D:3      | Gained mutation: You regenerate health from kills. [demonic
                  | ancestry]
  1841 | D:3      | Reached XP level 4. HP: 36/36 MP: 4/4
  1973 | D:4      | Reached skill level 1 in Shields
  1973 | D:4      | Reached skill level 4 in Unarmed Combat
  1993 | D:4      | Noticed a scorpion
  1998 | D:4      | Killed a scorpion
  1999 | D:4      | Gained mutation: You have a small tail. [demonic ancestry]
  1999 | D:4      | Reached XP level 5. HP: 30/42 MP: 5/5
  2230 | D:4      | Found a staircase to the Ecumenical Temple.
  2236 | Temple   | Entered the Ecumenical Temple
  2237 | Temple   | Found a transporter.
  2237 | Temple   | Found a transporter.
  2239 | Temple   | Found a transporter.
  2239 | Temple   | Found a transporter.
  2288 | D:4      | Found Uxzyja's Assorted Antiques.
  2296 | D:4      | Bought a scroll labelled REYVVA CAOL for 16 gold pieces
  2296 | D:4      | Bought a scroll labelled REYVVA CAOL for 16 gold pieces
  2296 | D:4      | Bought a scroll labelled JIOXURIWAB for 16 gold pieces
  2296 | D:4      | Bought a sedimented dark potion for 14 gold pieces
  2297 | D:4      | Bought a scroll of identify for 32 gold pieces
  2297 | D:4      | Bought a scroll of identify for 32 gold pieces
  2754 | D:5      | Entered Level 5 of the Dungeon
  2754 | D:5      | Noticed Grinder
  2756 | D:5      | Paralysed by Grinder for 5 turns
  2764 | D:5      | Killed Grinder
  2765 | D:5      | Reached skill level 5 in Unarmed Combat
  2765 | D:5      | Reached XP level 6. HP: 39/49 MP: 6/6
  2863 | D:5      | Gained mutation: You regenerate magic rapidly. [demonic
                  | ancestry]
  2863 | D:5      | Reached XP level 7. HP: 50/55 MP: 7/7
  2973 | D:5      | XOM: destruction
  2979 | D:5      | Reached skill level 5 in Fighting
  2979 | D:5      | Reached skill level 6 in Unarmed Combat
  3072 | D:5      | XOM: 2-stop teleportation journey
  3186 | D:5      | Found a runed translucent door.
  3187 | D:5      | Noticed Crazy Yiuf
  3553 | D:5      | Killed Crazy Yiuf
  3726 | D:6      | XOM: scenery: create altars
  3760 | D:6      | XOM: destruction
  3761 | D:6      | XOM: potion effect (berserk rage)
  3770 | D:6      | Reached XP level 8. HP: 63/63 MP: 8/8
  3876 | D:6      | Mangled by a wight

Illustrated notes

Levels and vault maps discovered:
D:1:      psy_arrival_basics, layout_rooms
D:2:      layout_loops_cross, basic_altar, dreamdust_mushroom_princess,
          kennysheep_nondescript
D:3:      layout_loops_ring
D:4:      layout_loops_ring, minmay_temple_entry_waves, serial_shops, shop,
          st_stairs_4, minmay_fire_ice_demons
D:5:      layout_rooms, serial_bayou, serial_bayou_lake_a, serial_bayou_shore_b,
          serial_bayou_shore_a, serial_bayou_pond_a, serial_bayou_lagoon_b,
          uniq_grinder, uniq_crazy_yiuf_cottage
D:6:      layout_basic, minitemple, gammafunk_temple_overflow_claw
Temple:   hellmonk_temple_divided_pantheon

Skill      XL: |  1  2  3  4  5  6  7 |
---------------+----------------------+-----
Unarmed Combat | 3 4 5 6 |  6.9
Shields        | 1 2 3 |  3.8
Fighting       | 4 5 |  5.6
Armour         | |  1.7
Dodging        | |  0.8

Action                     |  1- 3 |  4- 6 |  7- 9 || total
---------------------------+-------+-------+-------++-------
  Melee: Unarmed           |   108 |       |       ||   108
         Trident           |    31 |    71 |    62 ||   164
         Tailslap          |       |     4 |    10 ||    14
  Evoke: Piece from Xom's  |     4 |     1 |       ||     5
    Use: Scroll            |     2 |     4 |     1 ||     7
         Potion            |     1 |     2 |     3 ||     6
   Stab: Petrified         |    10 |       |       ||    10
 Armour: Leather armour    |    37 |    18 |    10 ||    65
  Dodge: Dodged            |    44 |    28 |    21 ||    93
  Block: Buckler           |     1 |     9 |     6 ||    16
